Cogmind - Beta 17.1 @@@ ROGUE MODE // 2026.09.21 @ 15:09:15 Player: jostin Result: Core destroyed Performance ------------- Evolutions (0) 0 Regions Visited (0) 0 Robots Destroyed (1) 5 Value Destroyed (6) 6 Prototype IDs (0) 0 Alien Tech Used (0) 0 Bonus (0) 0 TOTAL SCORE: 11 Bonus ------- None Cogmind --------- Core Integrity 0/250 Matter 172/300 Energy 100/100 System Corruption 15% Temperature Cool (0) Movement Core (50) Location -11/Scrapyard Parts ------- > --- POWER (1) -------- (None) > --- PROPULSION (2) --- (None) > --- UTILITY (2) ------ (None) > --- WEAPON (2) ------- (None) > --- INVENTORY (5) ---- (None) Peak State ------------ None Favorites ----------- Power None Propulsion None Utility None Weapon None Build | -11 ------- Run | Yrd Slots Evolved . | . Power . | . Propulsion . | . Utility . | . Weapon . | . Parts Attached . | . Power . | . Engine . | . Core . | . Reactor . | . Propulsion . | . Treads . | . Leg . | . Wheel . | . Hover . | . Flight . | . Utility . | . Device . | . Storage . | . Processor . | . Hackware . | . Protection . | . Artifact . | . Weapon . | . Energy Gun . | . Energy Cannon . | . Ballistic Gun . | . Ballistic Cannon . | . Launcher . | . Special Weapon . | . Impact Weapon . | . Slashing Weapon . | . Piercing Weapon . | . Special Melee Weapon . | . Unidentified Prototypes . | . Parts Lost . | . Power . | . Propulsion . | . Utility . | . Weapon . | . Highest Loss Streak . | . To Critical Strikes . | . Average Backups . | . Power . | . Propulsion . | . Utility . | . Weapon . | . Tool/Special . | . Unused Backups . | . Power . | . Propulsion . | . Utility . | . Weapon . | . Tool/Special . | . Average Slot Usage (%) . | . Peak Build Rating . | . Average Rating . | . On Entrance . | . Avg Prop Armor Cover (%) . | . Naked Turns . | . Heaviest Build . | . Greatest Support 3 | 3 Greatest Overweight (x) . | . Average Overweight (x) . | . Largest Inventory Capacity 5 | 5 Average Capacity 5 | 5 Most Carried . | . Average Carried . | . Final Capacity 5 | 5 Final Carried . | . Class Distribution -------------------- None Dominant Class ---------------- None Resources | -11 ----------- Run | Yrd Matter Collected 72 | 72 Remotely . | . Salvage Created 72 | 72 Parts 3 | 3 Haulers Intercepted . | . Recyclers Shooed . | . Parts Field Recycled . | . Retrieved Matter . | . Parts Self-Destructed . | . Prevented . | . Parts Restored . | . Kills | -11 ------- Run | Yrd Combat Hostiles Destroyed . | . Classes Destroyed 1 | 1 Recycler 1 | 1 Best Kill Streak 1 | 1 Combat Bots Only . | . Max Kills in Single Turn 1 | 1 Gunslinging . | . Exploded . | . Melee . | . Uniques/NPCs Destroyed . | . Combat | -11 -------- Run | Yrd Hostile Shots Fired . | . Missed . | . Hits . | . Damage Taken 255 | 255 Core 255 | 255 Absorbed by Shields . | . Core Remaining (%) . | . Volleys Fired . | . Largest . | . Hottest . | . Shots Fired . | . Gun . | . Cannon . | . Launcher . | . Special . | . Kinetic . | . Thermal . | . Explosive . | . Electromagnetic . | . Robot Hit Streak . | . Robot Miss Streak . | . Penetration Max . | . Secondary Targets . | . Shots Hit Robots . | . Core Hits 1 | 1 Critical Kills . | . Critical Parts Destroyed . | . Critical Strikes . | . Melee Attacks . | . Impact . | . Slashing . | . Piercing . | . Sneak Attacks . | . Combat Hostiles . | . Follow-up Attacks . | . Damage Inflicted 171 | 171 Guns . | . Cannons . | . Explosions . | . Melee . | . Ramming 171 | 171 Kinetic . | . Thermal . | . Explosive . | . Electromagnetic . | . Impact . | . Slashing . | . Piercing . | . Highest Corruption 15 | 15 Average Corruption 8 | 8 Corruption Purged . | . Corruption Blocked . | . Effects 1 | 1 Data Loss (minor) 1 | 1 Overload Shots . | . Overflow Damage . | . Projectiles . | . Explosions . | . Melee . | . Knockbacks . | . Impact . | . Kinetic . | . Secondary . | . Self-Inflicted Damage 163 | 163 Shots . | . Rammed 1 | 1 Targets Rammed 1 | 1 Kicked . | . Crushed . | . Highest Temperature . | . Average Temperature . | . Received Heat Transfer . | . Siege Activations . | . Martial Activations . | . Shielding Activations . | . Robots Disrupted . | . Combat Hostiles . | . Robots Corrupted . | . Combat Hostiles . | . Parts Fried . | . Impact Corruptions . | . Robots Melted . | . Combat Hostiles . | . Parts Melted . | . Heat Transferred . | . Parts Sabotaged . | . Parts Stolen . | . Parts Stripped . | . Power Chain Reactions . | . Alert | -11 ------- Run | Yrd Maximum Alert Level . | . Low Security (%) 100 | 100 Level 1 . | . Level 2 . | . Level 3 . | . Level 4 . | . Level 5 . | . High Security . | . Max Security . | . Peak Influence 5 | 5 Initial . | . Average . | . Influence Increases 5 | 5 Destroy 0b10 Robot/NC 5 | 5 Influence Decreases 5 | 5 Time Decay 5 | 5 Squads Dispatched . | . Investigation . | . Extermination . | . Reinforcement . | . Assault . | . Garrison . | . Intercept . | . Searches Triggered . | . Construction Impeded . | . Haulers Reinforced . | . Active Scanning Responses . | . Cargo Convoy Interrupts . | . Stealth | -11 --------- Run | Yrd Distress Signals . | . Communications Jammed . | . Distress Signals . | . Times Spotted . | . Peak Tracking Total . | . Tactical Retreats . | . Traps | -11 ------- Run | Yrd Traps Triggered . | . Indirectly . | . Trap Hack Attempts . | . Triggered . | . Disarmed . | . Reprogrammed . | . Reused . | . Traps Extracted . | . Installed . | . Triggered . | . Machines | -11 ---------- Run | Yrd Machines Disabled . | . Max in Single Turn . | . Machines Repaired . | . Machines Dismantled . | . Machines Sabotaged . | . Overloaded Fab Kills . | . Hacking | -11 --------- Run | Yrd Machines Accessed . | . Terminals . | . Fabricators . | . Repair Stations . | . Recycling Units . | . Scanalyzers . | . Garrison Access . | . Total Hacks . | . Successful . | . Failed . | . Catastrophic . | . Database Lockouts . | . Manual . | . Terminals . | . Fabricators . | . Repair Stations . | . Recycling Units . | . Scanalyzers . | . Garrison Access . | . Terminal Hacks . | . Fabricator Hacks . | . Repair Station Hacks . | . Recycling Unit Hacks . | . Scanalyzer . | . Garrison Access Hacks . | . Unauthorized Hacks . | . Terminals . | . Fabricators . | . Repair Stations . | . Recycling Units . | . Scanalyzers . | . Garrison Access . | . Data Cores Recovered . | . Used . | . Hacking Detections . | . Full Trace Events . | . Feedback Events . | . Feedback Blocked . | . Robot Schematics Acquired . | . Robots Built . | . Authchips . | . Time . | . Total Robot Build Rating . | . Part Schematics Acquired . | . Parts Built . | . Authchips . | . Time . | . Total Part Build Rating . | . Part Studies Acquired . | . Parts Repaired . | . Time . | . Parts Recycled . | . Recycled Matter . | . Retrieved Matter . | . Retrieved Components . | . Parts Scanalyzed . | . Part Schematics Acquired . | . Parts Damaged . | . Bothacking | -11 ------------ Run | Yrd Used RIF Installer . | . Robots Hacked . | . Non-combat . | . Combat . | . Robot Hacks Applied . | . Relay Couplers Released . | . Fabnet Peak Effective % . | . Robots Rewired . | . Allies Hacked . | . Hacks Repelled . | . Allies | -11 -------- Run | Yrd Total Allies . | . Largest Group . | . Highest-Rated Group . | . Highest-Rated Ally . | . Total Orders . | . Ally Attacks . | . Total Damage . | . Kills . | . Allies Corrupted . | . Allies Melted . | . Intel | -11 ------- Run | Yrd Active Infowar (turns) . | . Robot Analysis Total . | . Derelict Logs Recovered . | . Drone Launches . | . Drone Recoveries . | . Exploration | -11 ------------- Run | Yrd Turns Passed 74 | 74 Spaces Moved 99 | 99 Core 99 | 99 Treads . | . Legs . | . Wheels . | . Hover . | . Flight . | . Fastest Speed 50 | 50 Average Speed 50 | 50 Slowest Speed 50 | 50 Overloaded Moves . | . Propulsion Burnouts . | . Robots Hopped . | . Potential Cave-ins . | . Cave-ins Triggered . | . Exploration Rate (%) 3 | 3 Regions Visited . Branch Regions . Pre-discovered Areas . | . Known Exits Taken . | . Unknown Exits Taken . | . Scrap Searched . | . Spaces Dug . | . Terrain Destroyed . | . Melee . | . Projectile . | . AOE . | . Terrain Rammed 24 | 24 Walls Destroyed . | . Machines Disabled . | . Actions | -11 --------- Run | Yrd Total 123 | 123 Wait . | . Move 99 | 99 Hop . | . Pick Up . | . Fast Attach . | . Attach . | . Detach . | . Swap . | . Drop . | . Fire . | . Melee . | . Ram 24 | 24 Kick . | . Crush . | . Escape Stasis . | . Rewire . | . Trap . | . Miscellaneous . | . Route ------- -11/Scrapyard (discovered 1 exit: [*Mat]) History --------- Turn | Location | Event 4 | -11/Scrapyard | Discovered new exit (range 14) 63 | -11/Scrapyard | Core integrity fell below 50% 70 | -11/Scrapyard | Core integrity fell below 20% 70 | -11/Scrapyard | System corruption reached 10% 75 | -11/Scrapyard | Core destroyed Last Messages --------------- 00064_ T-07 Excavator is excavating. 00065_ Slammed into Earth. 00066_ Destabilizing: Core damaged (-12). 00067_ Slammed into Earth. 00069_ Destabilizing: System corrupted (+1). 00069_ Destabilizing: Core damaged (-5). 00069_ T-07 Excavator is excavating. 00070_ System corrupted: Component data lost. 00070_ Slammed into Earth. 00070_ Destabilizing: System corrupted (+1). 00071_ Slammed into Earth. 00071_ Destabilizing: System corrupted (+2). 00071_ T-07 Excavator is excavating. 00072_ Slammed into Earth. 00072_ T-07 Excavator is excavating. 00073_ Slammed into Earth. 00073_ Destabilizing: System corrupted (+2). 00074_ Slammed into Earth. 00074_ Destabilizing: Core damaged (-12). 00075_ Slammed into Earth. Map ----- +----------------------------------------------------+ | ?????????????????????????????????????????????????? | | ?????????????????????????????????????????????????? | | ?????????????????????????????????????????????????? | | ?????????????????????????????????????????????????? | | ?????????????????????????????????????????????????? | | ?????????????????????????????????????????????????? | | ?????????????????????????????????????????????????? | | ?????????????????????????????????????????????????? | | ?????????????????????????????????????????????????? | | ?????????????????????????????????????????????????? | | ?????????????????????????????????????????????????? | | ?????????????????????????????????????????????????? | | ?????????????????????????????????????????????????? | | ?????????????????????????????????????????????????? | | ?????????????????????????????????????????????????? | | ?????????????????????????????????????????????????? | | ?????????????????????????????????????????????????? | | ?????????????????????????????????????????????????? | | ?????????????????????????????????????????????????? | | ?????????????????????????????????????????????????? | | ?????????????????????????????????????????????????? | | ?????????????????????????????????????????????????? | | ?????????????????????????????????????????????????? | | ?????????????????????????????????????????????????? | | ????????????????????????###??????????????????????? | | ????????????????????????#@##?????????????????????? | | ?????????????????????#### t####??????????????????? | | ????????##########???# % #??????????????????? | | ????????# * #???# #??????????????????? | | ????????# = #???# #??????????????????? | | ????????# [ [==% ##### % ?????????????????? | | ????????# ! t????????????????? | | ????????# [ = * #t##???????????????? | | ????????# * #####t ! < # #????????????????? | | ????????# == #???# #?#????????????????? | | ????????# %= #???##########??????????????????? | | ????????##########???????????????????????????????? | | ?????????????????????????????????????????????????? | | ?????????????????????????????????????????????????? | | ?????????????????????????????????????????????????? | | ?????????????????????????????????????????????????? | | ?????????????????????????????????????????????????? | | ?????????????????????????????????????????????????? | | ?????????????????????????????????????????????????? | | ?????????????????????????????????????????????????? | | ?????????????????????????????????????????????????? | | ?????????????????????????????????????????????????? | | ?????????????????????????????????????????????????? | | ?????????????????????????????????????????????????? | | ?????????????????????????????????????????????????? | +----------------------------------------------------+ Best States ------------- Heat Dissipation 25 Energy Generation 5 Energy Capacity 100 Matter Stores 172 Matter Capacity 300 Sight Range 16 Terrain Scan Density 10 Evasion (%) 50 Item Schematics ----------------- None Robot Schematics ------------------ None Fabricated ------------ Nothing Repaired ---------- Nothing Studied --------- None Alien Tech Used ----------------- None Achievements -------------- None Challenges ------------ None Game ------ Seed AmuletZhirovWeb Manual? 0 Play Time 00:00:34 Cumulative 24.3 hours Start 2026.09.21 @ 15:08:57 End 2026.09.21 @ 15:09:15 Sessions 0 Manual Loads 0 Difficulty Rogue Special Mode None Game No. 27 Rogue 12 Adventurer 15 Explorer 0 Win Type - Total 0 Types 0/0/0/0/0/0/0/0/0/0 Lore% 11 Gallery% 16 Achievement% 19 Wizard Run 0 Options --------- Layout 2 ASCII 0 Keyboard 0 Movement Vi Keybinds 0 Fullscreen 1 Font 24/Smallcaps Map View 50x44 Zoom Use 0% Tactical HUD 1 Map Filters NONE Filters NONE Steam 1 RUN: e3bd0095-7e49-4cf7-8e35-08f80ea9c709